Map: Frozen Temple

Players

Fropez

  • Race: Protoss Protoss
  • League: Gold
  • Spawn Location: 5:00

Diamano - Winner!

  • Race: Terran Terran
  • League: Diamond
  • Spawn Location: 11:00

VOD

Have the link to the VOD?

Description

Time

  • Played on: Aug. 26, 2016, 1:42 p.m.
  • Length: 5:41
Show
View Real Time Build Order
Export as new Build Order

Fropez Protoss 

Build Orders: 1 Gate Expand 

Get SALT Encoding   

  12  0:01  Probe (Chrono Boost)  
  13  0:15  Pylon  
  13  0:17  Probe (Chrono Boost)  
  14  0:28  Probe (Chrono Boost)  
  15  0:34  Gateway  
  15  0:41  Probe (Chrono Boost)  
  16  0:52  Probe (Chrono Boost)  
  17  1:11  Nexus  
  17  1:16  Probe (Chrono Boost)  
  18  1:26  Cybernetics Core  
  18  1:29  Probe (Chrono Boost)  
  18  1:38  Pylon  
  18  1:43  Probe (Chrono Boost), Assimilator  
  19  1:50  Assimilator  
  19  2:05  Gateway  
  19  2:09  Gateway  
  19  2:16  Probe (Chrono Boost)  
  20  2:24  Probe (Chrono Boost)  
  20  2:25  Pylon  
  20  2:27  Warp Gate (Chrono Boost)  
  21  2:35  Adept (Chrono Boost)  
  17  3:10  Adept x2 (Chrono Boost)  
  20  3:25  Adept (Chrono Boost)  
  21  3:28  Probe  
  21  3:29  Probe  
  23  3:42  Probe  
  23  3:44  Probe  
  25  3:56  Pylon  
  25  4:02  Robotics Facility  
  25  4:04  Probe  
  26  4:10  Probe  
  26  4:18  Mothership Core  
  26  4:21  Probe  
  28  4:39  Probe  
  28  4:40  Probe  
  29  4:53  Twilight Council  
  29  4:56  Gateway  
  29  5:03  Probe  
  29  5:04  Pylon  
  29  5:06  Probe  
  31  5:29  Adept  
  33  5:37  Adept  
Show
View Real Time Build Order
Export as new Build Order

Diamano Terran - Winner!

Build Orders: Liberator Opening, Reaper Expand 

Get SALT Encoding   

  12  0:00  SCV  
  13  0:13  SCV  
  14  0:17  Supply Depot  
  14  0:25  SCV  
  15  0:31  Refinery  
  15  0:39  SCV  
  16  0:46  Barracks  
  16  0:51  SCV  
  17  1:03  SCV  
  18  1:15  SCV  
  19  1:33  Orbital Command, Reaper  
  20  1:49  Command Center  
  20  2:00  SCV  
  21  2:02  Supply Depot  
  21  2:05  Barracks Reactor  
  21  2:13  Factory  
  21  2:15  SCV  
  22  2:20  Refinery  
  22  2:27  SCV  
  23  2:39  SCV  
  24  2:48  Marine x2  
  26  2:51  SCV  
  27  3:05  Orbital Command  
  27  3:08  Factory Tech Lab  
  27  3:09  Starport  
  27  3:12  Marine, SCV  
  28  3:13  Marine  
  30  3:24  SCV  
  31  3:28  Cyclone  
  31  3:32  SCV  
  31  3:33  Marine x2  
  38  3:34  Liberator  
  38  3:37  SCV  
  38  3:40  Supply Depot, Refinery  
  39  3:44  SCV  
  40  3:52  Marine  
  40  3:53  SCV  
  45  3:57  Refinery  
  45  3:59  Bunker  
  45  4:00  SCV  
  46  4:02  Marine  
  46  4:04  Supply Depot  
  46  4:05  SCV  
  48  4:12  SCV  
  48  4:14  Marine  
  48  4:15  Cyclone  
  54  4:25  Marine, SCV x2, Liberator  
  57  4:37  SCV x2  
  61  4:46  Supply Depot  
  61  4:49  SCV  
  62  4:56  Supply Depot  
  62  5:00  Command Center  
  62  5:08  Marine x2, SCV x2, Cyclone  
  62  5:12  Supply Depot  
  70  5:20  SCV  
  71  5:23  SCV  
Tags
 
Add a new tag
Caveats
  • Supply blocks, unpowered buildings, or Contaminate may cause inaccurate times.
  • Supply counts are checked every 10 seconds.